 Dungeon Crawl Stone Soup version 0.30-a0-310-g7d6cbdfea6 (webtiles) character file.

Game seed: 15506818879386430645

33 flyer998 the Stinger (level 3, -3/20 HPs)
             Began as a Gargoyle Venom Mage on Oct 24, 2022.
             Slain by a worm (7 damage)
             ... on level 2 of the Dungeon.
             The game lasted 00:30:21 (4089 turns).

flyer998 the Stinger (Gargoyle Venom Mage)          Turns: 4089, Time: 00:30:21

Health: -3/20      AC:  9    Str: 11    XL:     3   Next: 29%
Magic:  6/6        EV: 10    Int: 17    God:
Gold:   51         SH:  0    Dex: 10    Spells: 5/6 levels left

rFire   . . .      SeeInvis .    c - +0 dagger
rCold   . . .      Faith    .    (no shield)
rNeg    + . .      Spirit   .    l - +0 ring mail
rPois   ∞          Reflect  .    (no helmet)
rElec   +          Harm     .    (no cloak)
rCorr   .          Rampage  .    (no gloves)
Will    .....                    m - +0 pair of boots
Stlth   +.........               (no amulet)
HPRegen 0.23/turn                (no ring)
MPRegen 0.10/turn                (no ring)

@: no status effects
A: sickness immunity, AC +3, negative energy resistance 1, electricity
resistance, torment resistance 1, petrification resistance
a: no special abilities


You were on level 2 of the Dungeon.
You visited 1 branch of the dungeon, and saw 2 of its levels.

You collected 51 gold pieces.

Inventory:

Hand Weapons
 c - a +0 dagger (weapon)
 e - a +0 flail
Missiles
 g - 5 poisoned darts
Armour
 a - a +0 robe
 l - a +0 ring mail (worn)
 m - a +0 pair of boots (worn)
Scrolls
 i - 2 scrolls of teleportation {unknown}
 j - 2 scrolls of blinking {unknown}
 k - a scroll of fog {unknown}
 o - a scroll of identify {unknown}
Potions
 b - a potion of magic
 d - a potion of flight {unknown}
 f - 2 potions of curing {unknown}
 h - a potion of ambrosia {unknown}
 n - a potion of mutation {unknown}


   Skills:
 + Level 0.6 Fighting
 + Level 0.5 Short Blades
 + Level 1.8 Dodging
 + Level 2.4 Stealth
 + Level 0.9 Unarmed Combat
 + Level 2.3 Spellcasting
 + Level 0.8 Transmutations
 + Level 3.2 Poison Magic


You had 5 spell levels left.
You knew the following spells:

 Your Spells              Type           Power      Damage    Failure   Level
a - Sting                 Tmut/Pois      32%        1d4       21%         1

Your spell library contained the following spells:

 Spells                   Type           Power      Damage    Failure   Level
 Poisonous Vapours        Pois/Air       14%        N/A       34%         2
 Mephitic Cloud           Conj/Pois/Air  5%         N/A       65%         3
 Olgreb's Toxic Radiance  Pois           13%        N/A       77%         4


Dungeon Overview and Level Annotations

Branches:
Dungeon (2/15)

Altars:


Innate Abilities, Weirdness & Mutations

You are immune to sickness and miasma.
Your stone body is resilient. (AC +3)
You are immune to poison.
You resist negative energy. (rN+)
You are resistant to electric shocks. (rElec)
You are resistant to unholy torment.
You are immune to petrification.


Message History

The kobold misses you. The kobold closely misses you.
The kobold hits you but does no damage.
The sting misses the kobold.
The kobold barely misses you.
You hit the kobold.
The kobold is heavily wounded.
The kobold hits you but does no damage.
You completely miss the kobold.
The kobold is heavily wounded.
The kobold hits you but does no damage.
You hit the kobold.
You kill the kobold!
Things that are here:
a +0 whip; a kobold corpse The worm bites you.
You barely miss the worm. The worm bites you but does no damage.
You hit the worm but do no damage. You hit the worm.
The worm is lightly wounded.
The worm bites you.
You hit the worm.
The worm is moderately wounded.
You hit the worm but do no damage.
The worm is moderately wounded.
The worm bites you.
You hit the worm but do no damage.
The worm is lightly wounded.
The worm bites you but does no damage.
You hit the worm.
The worm is moderately wounded.
You hit the worm.
The worm is moderately wounded.
The worm bites you!
* * * LOW HITPOINT WARNING * * *
You hit the worm but do no damage.
The worm is moderately wounded.
You barely miss the worm.
The worm is moderately wounded.
The worm bites you!
You die...

###..#.###...#
#........###.# ###
#........###.# ..#
#.............
##.######............#
#..#....#.............
#..######....#########
#..######....# #.....#
#...)@w.....## #######
#)....#####..# ####
#.....# #### #...
#....## ####
#....##### ###.##P.P#
#..###P# ##...#.#
#####P#


You could see a worm.

Vanquished Creatures
  A dart slug (D:2)
  A ball python (D:1)
  2 bats (D:1)
  4 endoplasms
  A giant cockroach (D:1)
  3 goblins (D:1)
  5 hobgoblins
  A quokka (D:2)
  2 frilled lizards (D:1)
  6 kobolds
  2 rats (D:1)
28 creatures vanquished.

Notes
Turn   | Place    | Note
-------+----------+-------------------------------------------
     0 | D:1      | flyer998 the Gargoyle Venom Mage began the quest for the
                  | Orb.
     0 | D:1      | Reached XP level 1. HP: 10/10 MP: 3/3
   528 | D:1      | Found a faded altar of an unknown god.
   538 | D:1      | Reached XP level 2. HP: 15/15 MP: 5/5
  3503 | D:2      | Reached XP level 3. HP: 12/20 MP: 6/6
  4089 | D:2      | Slain by a worm

Illustrated notes

Levels and vault maps discovered:
D:1:      psy_arrival_radial01, layout_rooms, basic_ecumenical_altar
D:2:      minmay_skewed_foursquare, layout_rooms, serial_aquarium,
          aquarium_bridge_straight [aquarium_subvault_bridge,
          aquarium_subvault_balcony, aquarium_subvault_bridge,
          aquarium_subvault_balcony], aquarium_window_corridor_3,
          aquarium_window_2, aquarium_view_2e, aquarium_view_2d,
          aquarium_balcony_1a, aquarium_pool_1

Action                   || total
-------------------------++-------
Melee: Dagger            ||   138
       Unarmed           ||    13
       Punch             ||     3
Throw: Dart              ||     6
 Cast: Sting             ||     7
  Use: Potion            ||     1
 Stab: Sleeping          ||     2
Armor: Robe              ||    33
       Ring mail         ||    38
Dodge: Dodged            ||   116

Table legend: (Time is in decaauts)
 A = Elapsed time spent in this place.
 B = Non-inter-level travel time spent in this place.
 C = Inter-level travel time spent in this place.
 D = Time resting spent in this place.
 E = Time spent auto-exploring this place.
 F = Levels seen in this place.
 G = Mean time per level.
                   A        B        C        D        E       F      G
               +--------+--------+--------+--------+--------+-----+--------+
         Total |   4066 |   4066 |      0 |   2621 |      0 |   2 | 2033.0 |
       Dungeon |   4066 |   4066 |      0 |   2621 |      0 |   2 | 2033.0 |
               +--------+--------+--------+--------+--------+-----+--------+

Top non-repeatable levels by time:
     D:1: 3399 daAuts
     D:2: 667 daAuts
